[Event "XLII San Sebastian Open 2019"]
[Site "San Sebastian"]
[Date "2019.04.20"]
[Round "9.9"]
[White "Lopez Mijail, Nicolas"]
[Black "Moreno Estebanez, Patxi"]
[Result "1/2-1/2"]
[ECO "B38"]
[WhiteElo "1980"]
[BlackElo "2153"]
[Annotator "NA"]
[PlyCount "46"]
[EventDate "2019.04.13"]
[EventType "swiss"]
[EventCountry "ESP"]
[SourceTitle "playchess.com"]
[Source "ChessBase"]
[SourceQuality "1"]
[TimeControl "5400+30"]

1. e4 c5 2. Nf3 Nc6 3. d4 cxd4 4. Nxd4 g6 5. c4 Bg7 6. Be3 Nh6 7. Nc3 O-O 8. Be2 f5 9. exf5 Bxd4 10. Bxh6 Rxf5 11. O-O Qb6 12. Bf3 Qxb2 13. Bxc6 Bxf2+ 14. Kh1 Qxc3 15. Be4 Rf6 16. Bd5+ Kh8 17. Bg5 Rf5 18. Bxe7 Qe5 19. Ba3 h6 20. Rb1 Kh7 21. Bb2 Qe7 22. Qd2 Qe3 23. Qxe3 Bxe3 1/2-1/2

[Event "XLII San Sebastian Open 2019"]
[Site "San Sebastian"]
[Date "2019.04.20"]
[Round "9.10"]
[White "Alfaro Garcia del Cerro, Juan L"]
[Black "Iturralde Echeverria, Ivan"]
[Result "0-1"]
[ECO "E06"]
[WhiteElo "2151"]
[BlackElo "1957"]
[Annotator "NA"]
[PlyCount "84"]
[EventDate "2019.04.13"]
[EventType "swiss"]
[EventCountry "ESP"]
[SourceTitle "playchess.com"]
[Source "ChessBase"]
[SourceQuality "1"]
[TimeControl "5400+30"]

1. d4 Nf6 2. c4 e6 3. g3 d5 4. Nf3 Be7 5. Bg2 O-O 6. O-O dxc4 7. Qc2 b5 8. a4 b4 9. Nfd2 c6 10. Nxc4 Qxd4 11. b3 Ba6 12. Bb2 Qc5 13. Nbd2 Nbd7 14. Rac1 Rad8 15. e3 Nb6 16. Rfe1 Nxc4 17. Nxc4 Bxc4 18. Bd4 Qa5 19. Qxc4 c5 20. Ba1 Rd2 21. Bf3 Rfd8 22. g4 Nd5 23. Re2 Nb6 24. Qf4 R2d3 25. Be4 Rxb3 26. Bc2 Ra3 27. Qe4 g6 28. Qe5 Rxa1 29. Rxa1 Qa6 30. Ree1 c4 31. Qc7 Nd5 32. Qg3 b3 33. e4 bxc2 34. exd5 Rxd5 35. Rec1 Bf6 36. Qf4 Bxa1 37. Rxa1 Rd1+ 38. Kg2 Qb7+ 39. f3 Rxa1 40. Qf6 c1=Q 41. Qd8+ Kg7 42. Qd4+ f6 0-1

[Event "XLII San Sebastian Open 2019"]
[Site "San Sebastian"]
[Date "2019.04.20"]
[Round "9.11"]
[White "Izagirre Alsua, Aritz"]
[Black "Cabanas Jimenez, Manuel"]
[Result "0-1"]
[ECO "B01"]
[WhiteElo "1917"]
[BlackElo "2119"]
[Annotator "NA"]
[PlyCount "98"]
[EventDate "2019.04.13"]
[EventType "swiss"]
[EventCountry "ESP"]
[SourceTitle "playchess.com"]
[Source "ChessBase"]
[SourceQuality "1"]
[TimeControl "5400+30"]

1. e4 d5 2. exd5 Nf6 3. d4 Bg4 4. Nf3 Qxd5 5. Nc3 Qh5 6. h3 Nc6 7. Bb5 O-O-O 8. Bxc6 bxc6 9. O-O Bxf3 10. Qxf3 Qxf3 11. gxf3 Rxd4 12. Be3 Rc4 13. a3 Nd5 14. Nxd5 cxd5 15. c3 a6 16. Rfd1 e6 17. Bd4 Be7 18. Kf1 Bf6 19. Bxf6 gxf6 20. Ke2 Rh4 21. Rh1 Rg8 22. Rag1 Rg6 23. Rg4 Rh5 24. h4 c5 25. b4 Re5+ 26. Kd3 Rxg4 27. fxg4 Re4 28. Rg1 Kd7 29. f3 Rf4 30. Ke3 Rc4 31. Kd3 Kd6 32. h5 Ke5 33. g5 f5 34. g6 fxg6 35. hxg6 hxg6 36. Rxg6 Rh4 37. Ke3 f4+ 38. Kd3 c4+ 39. Kd2 Rh2+ 40. Kd1 Rf2 41. Rg5+ Kd6 42. a4 Rxf3 43. Kd2 Rd3+ 44. Kc2 Rg3 45. Rh5 Rg2+ 46. Kd1 Ra2 47. Kc1 f3 48. Kb1 f2 49. Rh1 Re2 0-1

[Event "XLII San Sebastian Open 2019"]
[Site "San Sebastian"]
[Date "2019.04.20"]
[Round "9.12"]
[White "Arana Garate, Jon"]
[Black "Ladron De Guevara Galar, Fco J."]
[Result "0-1"]
[ECO "A45"]
[WhiteElo "1944"]
[BlackElo "2035"]
[Annotator "NA"]
[PlyCount "192"]
[EventDate "2019.04.13"]
[EventType "swiss"]
[EventCountry "ESP"]
[SourceTitle "playchess.com"]
[Source "ChessBase"]
[SourceQuality "1"]
[TimeControl "5400+30"]

1. d4 Nf6 2. Bf4 d5 3. e3 c5 4. c3 e6 5. Nd2 Nc6 6. Bd3 Bd6 7. Bg3 O-O 8. Ngf3 b6 9. e4 Be7 10. dxc5 bxc5 11. Qe2 a5 12. h3 Qb6 13. Rb1 Ba6 14. Bxa6 Rxa6 15. exd5 exd5 16. O-O Re8 17. Rfe1 Raa8 18. Qd3 c4 19. Qc2 a4 20. Re2 Nh5 21. Bh2 Bc5 22. Rbe1 Rxe2 23. Rxe2 g6 24. Ne5 Nxe5 25. Bxe5 Ng7 26. Nf3 Ne6 27. Qd2 Qb7 28. Bf6 Bf8 29. Nd4 Nc5 30. Nf5 Qc6 31. Ne7+ Bxe7 32. Bxe7 Ne4 33. Qd4 Re8 34. Bb4 Re6 35. Qa7 Nf6 36. Rxe6 Qxe6 37. Qb8+ Qe8 38. Qd6 Kg7 39. Kf1 g5 40. Bc5 Qe6 41. Qf8+ Kg6 42. Bd4 Qf5 43. g4 Qd3+ 44. Kg2 Qe4+ 45. Kg1 Qf3 46. Qd6 Qf4 47. Qxf4 gxf4 48. Be5 Nd7 49. Bxf4 Nc5 50. Kf1 Nd3 51. Be3 Nxb2 52. Ke2 f5 53. f4 Nd3 54. Bd2 Nc5 55. Ke3 Ne6 56. Ke2 h5 57. g5 Nc5 58. Ke3 Ne6 59. Bc1 Kf7 60. Ba3 Kg6 61. Bd6 Kf7 62. Kf3 Kg6 63. Ke3 Kf7 64. Kf3 d4 65. cxd4 Nxd4+ 66. Ke3 Nb5 67. Be5 h4 68. Kd2 Kg6 69. Kc2 Kh5 70. Bc3 Nc7 71. Bd2 Nb5 72. Be3 Kg6 73. Bc5 Kh5 74. Bf2 Kg6 75. Kd2 Kh5 76. Bc5 Nc7 77. Bd6 Nd5 78. Be5 Nb4 79. Kc3 Nxa2+ 80. Kxc4 Nc1 81. Kd4 a3 82. Kc4 a2 83. Ba1 Ne2 84. Be5 Nxf4 85. Kb3 Nxh3 86. Kxa2 Kxg5 87. Kb2 f4 88. Kc2 f3 89. Kd2 Kg4 90. Ke1 Nf4 91. Kf1 h3 92. Kg1 Nd3 93. Bd6 f2+ 94. Kf1 Kf3 95. Be5 Ne1 96. Bd4 h2 0-1